 Dungeon Crawl Stone Soup version 0.25-a0-565-g8875c97 (webtiles) character file.

Game seed: 7877527353400940921, levelgen mode: deterministic

735 snetch the Magician (level 7, 0/45 HPs)
             Began as a Gnoll Wizard on Feb 26, 2020.
             Was an Initiate of Hepliaklqana.
             Slain by an orc warrior
             ... wielding a +0 scimitar
              (17 damage)
             ... on level 6 of the Dungeon.
             The game lasted 00:21:35 (4636 turns).

snetch the Magician (Gnoll Wizard)                  Turns: 4636, Time: 00:21:35

Health: 0/45       AC: 11    Str:  9    XL:     7   Next: 74%
Magic:  9/18       EV: 14    Int: 22    God:    Hepliaklqana [......]
Gold:   319        SH:  0    Dex: 14    Spells: 13/21 levels left

rFire    . . .     SeeInvis +   a - +0 mace (protect)
rCold    . . .     Gourm    .   (no shield)
rNeg     . . .     Faith    .   B - +0 leather armour
rPois    .         Spirit   .   c - +0 hat
rElec    .         Reflect  .   (no cloak)
rCorr    .         Harm     .   k - +0 pair of gloves (curse)
MR       .....                  (no boots)
Stlth    +++.......             L - amulet of rage
HPRegen  0.15/turn              j - ring of see invisible
MPRegen  0.16/turn              (no ring)

@: protection aura
A: distributed training, reduced essence, fangs 1, strong nose
a: Recall Ancestor, Ancestor Identity, Renounce Religion, Evoke Berserk Rage


You were on level 6 of the Dungeon.
You worshipped Hepliaklqana.
Hepliaklqana was noncommittal.
You were not hungry.

You visited 1 branch of the dungeon, and saw 6 of its levels.

You collected 319 gold pieces.

Inventory:

Hand Weapons
 a - a +0 mace of protection (weapon)
 b - a +5 hunting sling
 K - a +0 morningstar
Missiles
 g - 78 stones (quivered)
 r - 21 arrows
 s - 19 sling bullets
Armour
 c - a +0 hat (worn)
 k - a cursed +0 pair of gloves (worn)
 q - a +0 ring mail
 v - a +0 pair of gloves
 w - a +0 chain mail
 A - a +0 scale mail
 B - a +0 leather armour (worn)
Jewellery
 j - a ring of see invisible (left hand)
 L - an amulet of rage (around neck)
Wands
 f - a wand of paralysis (12)
 u - a wand of clouds (6)
 G - a wand of flame (30)
 H - a wand of scattershot (6)
Scrolls
 e - a scroll of fog
 i - 3 scrolls of teleportation {unknown}
 m - 3 scrolls of magic mapping {unknown}
 n - 2 scrolls of remove curse {unknown}
 p - a scroll of noise
 x - 3 scrolls of immolation {unknown}
 y - a scroll of random uselessness
 C - a scroll of enchant weapon
Potions
 h - a potion of flight
 l - a potion of stabbing
 o - 2 potions of invisibility
 t - a potion of mutation
 z - 2 potions of curing {unknown}
 D - 2 potions of heal wounds {unknown}
 E - a potion of might
 F - 2 potions of ambrosia {unknown}
 I - a potion of haste
 J - a potion of brilliance {unknown}
Comestibles
 d - 13 rations


   Skills:
 + Level 2.6 Fighting
 + Level 2.6 Short Blades
 + Level 2.6 Long Blades
 + Level 2.6 Axes
 + Level 2.6 Maces & Flails
 + Level 2.6 Polearms
 + Level 2.6 Staves
 + Level 2.6 Slings
 + Level 2.6 Bows
 + Level 2.6 Crossbows
 + Level 2.6 Throwing
 + Level 2.6 Armour
 + Level 5.3 Dodging
 + Level 5.0 Stealth
 + Level 2.6 Shields
 + Level 2.6 Unarmed Combat
 + Level 7.6 Spellcasting
 + Level 3.0 Conjurations
 + Level 2.1 Hexes
 + Level 2.1 Charms
 + Level 3.0 Summonings
 + Level 2.1 Necromancy
 + Level 3.0 Translocations
 + Level 2.1 Transmutations
 + Level 2.1 Fire Magic
 + Level 2.1 Ice Magic
 + Level 2.1 Air Magic
 + Level 2.1 Earth Magic
 + Level 2.1 Poison Magic
 + Level 2.9 Invocations
 + Level 2.6 Evocations


You had 13 spell levels left.
You knew the following spells:

 Your Spells              Type           Power        Failure   Level  Hunger
a - Magic Dart            Conj           ###.         3%          1    None
b - Blink                 Tloc           N/A          4%          2    None
c - Call Imp              Summ           ###.....     4%          2    None
d - Mephitic Cloud        Conj/Pois/Air  ###.....     12%         3    None

Your spell library contained the following spells:

 Spells                   Type           Power        Failure   Level  Hunger
 Slow                     Hex            ###.....     7%          2    None
 Conjure Flame            Conj/Fire      ###.....     11%         3    None


Dungeon Overview and Level Annotations

Branches:
Dungeon (6/15)
 Temple: D:4-7

Altars:
Hepliaklqana
Yredelemnul
Zin

Annotations:
D:1 kraken at entrance behind stone glass


Innate Abilities, Weirdness & Mutations

Your experience applies equally to all skills.
You have very sharp teeth.
Your uncanny sense of smell can sniff out nearby items.
Your life essence is reduced to manifest your ancestor. (-10% HP)


Message History

Aim: an orc warrior, wielding a +0 scimitar, wearing a +0 chain mail and quivering 8 boomerangs (heavily wounded, confused)
The magic dart hits the orc warrior.
The orc warrior is heavily wounded.
The orc warrior barely misses Henutmehyt.
Press: ? - help, v - describe, . - travel
Here: Henutmehyt the ancestor (moderately damaged, friendly)
The floor.
Henutmehyt hits the orc warrior but does no damage.
The orc warrior hits you with a +0 scimitar.
You strike the helpless orc warrior from behind!
You hit the orc warrior but do no damage.
Your weapon exudes an aura of protection.
The orc warrior is heavily wounded.
The orc warrior seems less confused.
Henutmehyt hits the orc warrior!
The orc warrior closely misses you.
You hit the orc warrior but do no damage.
The orc warrior is severely wounded.
Henutmehyt hits the orc warrior.
The orc warrior hits you with a +0 scimitar!
You die...

.#.#...#. ## ......
# #...# ∆ ###.....
...############# ##
......#........##.#
#............()...##
#.............).Ro.#
#.....##...<.##.@..#
###...##...#####...#
##.......# #...#
#......## #####
###....### ##.....#
##..### ##.# ###


You could see the friendly Henutmehyt the ancestor and an orc warrior.

Vanquished Creatures
  A phantom (D:6)
  2 ogres
  2 orc priests (D:5)
  A hound (D:4)
  A jelly (D:6)
  2 orc wizards (D:5)
  Natasha (D:2)
  4 worker ants
  4 adders
  3 shadow imps (D:5)
  An ooze (D:2)
  A worm (D:5)
  2 dart slugs (D:1)
  3 leopard geckos
  5 orcs
  8 bats
  A giant cockroach (D:3)
  5 goblins
  6 hobgoblins
  2 jackals (D:3)
  2 kobolds (D:1)
  3 quokkas
  9 frilled lizards
  2 jackal skeletons (D:4)
  A quokka zombie (D:5)
  7 rats
79 creatures vanquished.

Vanquished Creatures (collateral kills)
  Menkaure (D:4)
  Jessica (D:2)
  An orc (D:6)
  A goblin (D:2)
4 creatures vanquished.

Vanquished Creatures (others)
  2 minotaurs (D:1)
  A draconian (D:1)
  An octopode (D:1)
  A gargoyle (D:1)
  A vine stalker (D:1)
  An elf (D:1)
  A formicid (D:1)
  A spriggan (D:1)
  A vampire (D:1)
  A dwarf (D:1)
  A mummy (D:1)
  6 tentacles (D:1)
18 creatures vanquished.

Grand Total: 101 creatures vanquished

Notes
Turn   | Place    | Note
-------+----------+-------------------------------------------
     0 | D:1      | snetch the Gnoll Wizard began the quest for the Orb.
     0 | D:1      | Reached XP level 1. HP: 13/13 MP: 8/8
     0 | D:1      | Noticed a formicid
     0 | D:1      | Noticed a dwarf
     0 | D:1      | Noticed a minotaur
     0 | D:1      | Noticed an octopode
     0 | D:1      | Noticed an elf
     0 | D:1      | Noticed a vine stalker
     0 | D:1      | Noticed a spriggan
     0 | D:1      | Noticed a kraken
     0 | D:1      | Noticed a minotaur
     0 | D:1      | Noticed a gargoyle
     0 | D:1      | Noticed a draconian
     0 | D:1      | Noticed a vampire
     5 | D:1      | Killed an elf
     6 | D:1      | Killed a formicid
     6 | D:1      | Killed a dwarf
     8 | D:1      | Killed a gargoyle
    10 | D:1      | Killed a spriggan
    10 | D:1      | Killed a vine stalker
    11 | D:1      | Killed an octopode
    12 | D:1      | Killed a minotaur
    15 | D:1      | Killed a minotaur
    15 | D:1      | Killed a vampire
    16 | D:1      | Killed a draconian
   257 | D:1      | Reached XP level 2. HP: 19/19 MP: 7/10
   264 | D:1      | Learned a level 2 spell: Blink
   267 | D:1      | Learned a level 2 spell: Call Imp
  1127 | D:2      | Reached XP level 3. HP: 25/25 MP: 9/11
  1412 | D:2      | Noticed Jessica
  1424 | D:2      | Killed Jessica
  1424 | D:2      | Reached skill level 1 in Invocations
  1426 | D:2      | Reached skill level 1 in Fighting
  1426 | D:2      | Reached skill level 1 in Short Blades
  1426 | D:2      | Reached skill level 1 in Long Blades
  1426 | D:2      | Reached skill level 1 in Axes
  1426 | D:2      | Reached skill level 1 in Maces & Flails
  1426 | D:2      | Reached skill level 1 in Polearms
  1426 | D:2      | Reached skill level 1 in Staves
  1426 | D:2      | Reached skill level 1 in Slings
  1426 | D:2      | Reached skill level 1 in Bows
  1426 | D:2      | Reached skill level 1 in Crossbows
  1426 | D:2      | Reached skill level 1 in Throwing
  1426 | D:2      | Reached skill level 1 in Armour
  1426 | D:2      | Reached skill level 1 in Shields
  1426 | D:2      | Reached skill level 1 in Unarmed Combat
  1426 | D:2      | Reached skill level 1 in Evocations
  1502 | D:2      | Found a glowing silver altar of Zin.
  1505 | D:2      | Noticed Natasha
  1522 | D:2      | Killed Natasha
  1522 | D:2      | Reached XP level 4. HP: 32/32 MP: 10/13
  1662 | D:3      | Reached skill level 1 in Hexes
  1662 | D:3      | Reached skill level 1 in Charms
  1662 | D:3      | Reached skill level 1 in Necromancy
  1662 | D:3      | Reached skill level 1 in Transmutations
  1662 | D:3      | Reached skill level 1 in Fire Magic
  1662 | D:3      | Reached skill level 1 in Ice Magic
  1662 | D:3      | Reached skill level 1 in Air Magic
  1662 | D:3      | Reached skill level 1 in Earth Magic
  1662 | D:3      | Reached skill level 1 in Poison Magic
  1678 | D:3      | Learned a level 3 spell: Mephitic Cloud
  1934 | D:3      | Reached XP level 5. HP: 37/37 MP: 8/14
  2396 | D:5      | Entered Level 5 of the Dungeon
  2752 | D:4      | Noticed an ogre
  2774 | D:4      | Killed an ogre
  2774 | D:4      | Reached XP level 6. HP: 30/44 MP: 14/16
  2890 | D:4      | Noticed Menkaure
  2901 | D:4      | Killed Menkaure
  2901 | D:4      | Reached skill level 5 in Dodging
  3138 | D:5      | Found a basalt altar of Yredelemnul.
  3170 | D:6      | Noticed a phantom
  3749 | D:5      | Reached XP level 7. HP: 15/50 MP: 9/18
  4530 | D:6      | Found a hazy altar of Hepliaklqana.
  4558 | D:6      | Became a worshipper of Hepliaklqana the Forgotten
  4601 | D:6      | Reached skill level 5 in Stealth
  4636 | D:6      | Slain by an orc warrior

Levels and vault maps discovered:
D:1:      nicolae_arrival_kraken_aquarium_a, layout_basic
D:2:      layout_basic, lemuel_doored_altar, uniq_natasha, uniq_jessica
D:3:      layout_basic, first_ration
D:4:      layout_loops_ring, serial_glass, glass_columns_c, glass_columns_c,
          uniq_menkaure
D:5:      layout_basic, nicolae_overflow_hidden_temple
D:6:      kennysheep_housing_project, layout_cave_pools, old_standard_altar,
          lemuel_coloured_pillars_altar, kennysheep_mini_moat,
          lemuel_temple_firewalk_a

Skill      XL: |  1  2  3  4  5  6  7 |
---------------+----------------------+-----
Conjurations   | 2 3 |  3.0
Summonings     | 2 3 |  3.0
Translocations | 2 3 |  3.0
Invocations    | 1 2 |  2.9
Fighting       | 1 2 |  2.6
Short Blades   | 1 2 |  2.6
Long Blades    | 1 2 |  2.6
Axes           | 1 2 |  2.6
Maces & Flails | 1 2 |  2.6
Polearms       | 1 2 |  2.6
Staves         | 1 2 |  2.6
Slings         | 1 2 |  2.6
Bows           | 1 2 |  2.6
Crossbows      | 1 2 |  2.6
Throwing       | 1 2 |  2.6
Armour         | 1 2 |  2.6
Shields        | 1 2 |  2.6
Unarmed Combat | 1 2 |  2.6
Evocations     | 1 2 |  2.6
Hexes          | 1 2 |  2.1
Charms         | 1 2 |  2.1
Necromancy     | 1 2 |  2.1
Transmutations | 1 2 |  2.1
Fire Magic     | 1 2 |  2.1
Ice Magic      | 1 2 |  2.1
Air Magic      | 1 2 |  2.1
Earth Magic    | 1 2 |  2.1
Poison Magic   | 1 2 |  2.1
Dodging        | 5 |  5.3
Stealth        | 5 |  5.0
Spellcasting   | |  7.6

Action                   |  1- 3 |  4- 6 |  7- 9 || total
-------------------------+-------+-------+-------++-------
Melee: Mace              |       |    72 |    31 ||   103
       Bite              |       |     8 |     1 ||     9
 Fire: Hunting sling     |    16 |    13 |     8 ||    37
 Cast: Magic Dart        |    44 |    90 |    36 ||   170
       Call Imp          |     2 |     3 |       ||     5
       Mephitic Cloud    |       |     4 |     2 ||     6
Invok: Recall Ancestor   |       |       |     2 ||     2
       Ancestor Identity |       |       |     1 ||     1
  Use: Scroll            |       |       |    10 ||    10
 Stab: Confused          |       |     1 |     2 ||     3
  Eat: Chunk             |     2 |     7 |     2 ||    11
Armor: Ring mail         |     7 |    27 |       ||    34
       Robe              |     1 |       |       ||     1
       Leather armour    |       |    18 |     7 ||    25
Dodge: Dodged            |    10 |    64 |    39 ||   113

Table legend:
 A = Non-vault XP
 B = Vault XP
 C = Vault XP percentage of total XP
 D = Non-vault monster count
 E = Vault monster count
 F = Vault count percentage of total count
                 A         B        C        D         E       F
            +---------+---------+-------+---------+---------+-------
      Total |     889 |     162 |  15.4 |      80 |       3 |   3.6
            +---------+---------+-------+---------+---------+-------
        D:1 |      32 |       0 |   0.0 |      18 |       0 |   0.0
        D:2 |      21 |      61 |  74.4 |       9 |       2 |  18.2
        D:3 |      61 |       0 |   0.0 |      22 |       0 |   0.0
        D:4 |     215 |     101 |  32.0 |      10 |       1 |   9.1
        D:5 |     341 |       0 |   0.0 |      14 |       0 |   0.0
        D:6 |     219 |       0 |   0.0 |       7 |       0 |   0.0
            +---------+---------+-------+---------+---------+-------
